Cogmind - Beta 10.2 @@@ ROGUE MODE // 2021.08.16 @ 14:08:00 Player: Gilgameshx13 Result: Destroyed by G-34 Mercenary with Small Laser Performance ------------- Evolutions (1) 500 Regions Visited (4) 800 Robots Destroyed (5) 25 Value Destroyed (50) 50 Prototype IDs (0) 0 Alien Tech Used (0) 0 Bonus (0) 0 TOTAL SCORE: 1375 Bonus ------- None Cogmind --------- Core Integrity 0/400 Matter 300/300 Energy 100/100 System Corruption 0% Temperature Cool (6) Movement Core (100) Ox1 Location -9/Mines Parts ------- > --- POWER (1) -------- (None) > --- PROPULSION (2) --- (None) > --- UTILITY (4) ------ Small Storage Unit > --- WEAPON (2) ------- (None) > --- INVENTORY (6) ---- Aluminum Leg Aluminum Leg Light Cannon Grenade Launcher Peak State ------------ > --- POWER ------------ Light Ion Engine > --- PROPULSION ------- Compact Wheel Compact Wheel > --- UTILITY ---------- Small Storage Unit > --- WEAPON ----------- EM Pulse Gun Assault Rifle > --- INVENTORY -------- Light Ion Engine Aluminum Leg Aluminum Leg Assault Rifle [Rating: 6] Favorites ----------- Power Light Ion Engine Engine Light Ion Engine Propulsion Compact Wheel Wheel Compact Wheel Utility Small Storage Unit Storage Small Storage Unit Weapon Assault Rifle Energy Gun EM Pulse Gun Ballistic Gun Assault Rifle Build | -11 -10 -10 -9 -9 ------- Run | Scr Mat Min Mat Min Slots Evolved 2 | . . . 2 . Power . | . . . . . Propulsion . | . . . . . Utility 2 | . . . 2 . Weapon . | . . . . . Parts Attached 9 | 6 2 1 . . Power 2 | 1 1 . . . Engine 2 | 1 1 . . . Core . | . . . . . Reactor . | . . . . . Propulsion 3 | 2 . 1 . . Treads . | . . . . . Leg . | . . . . . Wheel 3 | 2 . 1 . . Hover . | . . . . . Flight . | . . . . . Utility 1 | 1 . . . . Device . | . . . . . Storage 1 | 1 . . . . Processor . | . . . . . Hackware . | . . . . . Protection . | . . . . . Artifact . | . . . . . Weapon 3 | 2 1 . . . Energy Gun 1 | 1 . . . . Energy Cannon . | . . . . . Ballistic Gun 2 | 1 1 . . . Ballistic Cannon . | . . . . . Launcher . | . . . . . Special Weapon . | . . . . . Impact Weapon . | . . . . . Slashing Weapon . | . . . . . Piercing Weapon . | . . . . . Special Melee Weapon . | . . . . . Unidentified Prototypes . | . . . . . Parts Lost 8 | . 4 . 4 . Power 2 | . 2 . . . Propulsion 3 | . 1 . 2 . Utility . | . . . . . Weapon 3 | . 1 . 2 . Highest Loss Streak 4 | . 2 . 4 . Average Slot Usage (%) 55 | . 78 58 44 11 Engine 3 | . 9 . . . Wheel 17 | . 27 15 15 . Storage 13 | . 14 14 11 11 Energy Gun 2 | . 7 . . . Ballistic Gun 19 | . 18 28 17 . Naked Turns . | . . . . . Heaviest Build 11 | 11 11 8 8 4 Greatest Support 32 | 32 32 26 26 3 Greatest Overweight (x) 1 | . . . 1 1 Average Overweight (x) . | . . . . 1 Largest Inventory Capacity 6 | 6 6 6 6 6 Average Capacity 5 | 5 6 6 6 6 Most Carried 5 | 5 4 4 4 4 Average Carried 3 | 2 3 2 3 4 Final Capacity 6 | 6 6 6 6 6 Final Carried 4 | 4 2 3 4 4 Class Distribution -------------------- 100% | Mutant Dominant Class ---------------- Mutant | -10/Materials Mutant | -10/Mines Mutant | -9/Materials Mutant | -9/Mines Resources | -11 -10 -10 -9 -9 ----------- Run | Scr Mat Min Mat Min Matter Collected 368 | 226 61 81 . . Remotely . | . . . . . Salvage Created 72 | . 72 . . . Parts 7 | . 7 . . . Haulers Intercepted . | . . . . . Recyclers Shooed . | . . . . . Parts Field Recycled . | . . . . . Retrieved Matter . | . . . . . Parts Self-Destructed . | . . . . . Prevented . | . . . . . Kills | -11 -10 -10 -9 -9 ------- Run | Scr Mat Min Mat Min Combat Hostiles Destroyed 5 | . 5 . . . Guns 5 | . 5 . . . Classes Destroyed 1 | . 1 . . . Swarmer 5 | . 5 . . . Best Kill Streak 3 | . 3 . . . Combat Bots Only 3 | . 3 . . . Max Kills in Single Turn 1 | . 1 . . . Gunslinging . | . . . . . Exploded . | . . . . . Melee . | . . . . . Uniques/NPCs Destroyed . | . . . . . Combat | -11 -10 -10 -9 -9 -------- Run | Scr Mat Min Mat Min Damage Taken 1075 | . 405 . 492 178 Core 490 | . 89 . 241 160 Absorbed by Shields . | . . . . . Core Remaining (%) 82 | 100 . 64 . . Volleys Fired 27 | . 26 . 1 . Largest 2 | . 2 . 2 . Hottest 60 | . 60 . 40 . Shots Fired 45 | . 43 . 2 . Gun 45 | . 43 . 2 . Cannon . | . . . . . Launcher . | . . . . . Special . | . . . . . Kinetic 38 | . 36 . 2 . Thermal . | . . . . . Explosive . | . . . . . Electromagnetic 7 | . 7 . . . Robot Hit Streak 5 | . 5 . 1 . Robot Miss Streak 6 | . 6 . 1 . Penetration Max . | . . . . . Secondary Targets 1 | . 1 . . . Max Gunslinging Chain 1 | . 1 . . . Shots Hit Robots 20 | . 19 . 1 . Core Hits 6 | . 6 . . . Critical Hits 1 | . 1 . . . Critical Kills . | . . . . . Critical Parts Destroyed 1 | . 1 . . . Melee Attacks . | . . . . . Impact . | . . . . . Slashing . | . . . . . Piercing . | . . . . . Sneak Attacks . | . . . . . Combat Hostiles . | . . . . . Follow-up Attacks . | . . . . . Damage Inflicted 314 | . 303 . 11 . Guns 314 | . 303 . 11 . Cannons . | . . . . . Explosions . | . . . . . Melee . | . . . . . Ramming . | . . . . . Kinetic 304 | . 293 . 11 . Thermal . | . . . . . Explosive . | . . . . . Electromagnetic 10 | . 10 . . . Impact . | . . . . . Slashing . | . . . . . Piercing . | . . . . . Highest Corruption . | . . . . . Average Corruption . | . . . . . Corruption Purged . | . . . . . Overload Shots . | . . . . . Overflow Damage . | . . . . . Projectiles . | . . . . . Explosions . | . . . . . Melee . | . . . . . Knockbacks . | . . . . . Impact . | . . . . . Kinetic . | . . . . . Secondary . | . . . . . Self-Inflicted Damage . | . . . . . Shots . | . . . . . Rammed . | . . . . . Targets Rammed . | . . . . . Kicked . | . . . . . Crushed . | . . . . . Highest Temperature . | . . . . . Average Temperature . | . . . . . Received Heat Transfer 156 | . . . 63 93 Siege Activations . | . . . . . Robots Corrupted . | . . . . . Combat Hostiles . | . . . . . Parts Fried . | . . . . . Impact Corruptions . | . . . . . Robots Melted . | . . . . . Combat Hostiles . | . . . . . Parts Melted . | . . . . . Heat Transferred . | . . . . . Parts Sabotaged . | . . . . . Parts Stolen . | . . . . . Parts Stripped . | . . . . . Power Chain Reactions . | . . . . . Missiles Intercepted . | . . . . . Alert | -11 -10 -10 -9 -9 ------- Run | Scr Mat Min Mat Min Peak Influence 110 | . 110 42 51 37 Initial 42 | . . 42 16 7 Average 29 | . 37 42 21 20 Maximum Alert Level . | . . . . . Low Security (%) 100 | 100 100 100 100 100 Level 1 . | . . . . . Level 2 . | . . . . . Level 3 . | . . . . . Level 4 . | . . . . . Level 5 . | . . . . . High Security . | . . . . . Max Security . | . . . . . Squads Dispatched 2 | . . . 2 . Investigation . | . . . . . Extermination . | . . . . . Reinforcement 2 | . . . 2 . Assault . | . . . . . Garrison . | . . . . . Intercept . | . . . . . Construction Impeded . | . . . . . Haulers Reinforced . | . . . . . Stealth | -11 -10 -10 -9 -9 --------- Run | Scr Mat Min Mat Min Distress Signals 2 | . 1 . 1 . Communications Jammed . | . . . . . Distress Signals . | . . . . . Times Spotted 26 | . 8 . 14 4 Peak Tracking Total 10 | . 4 . 10 4 Tactical Retreats 3 | . 1 . 1 1 Traps | -11 -10 -10 -9 -9 ------- Run | Scr Mat Min Mat Min Traps Triggered . | . . . . . Indirectly . | . . . . . Trap Hack Attempts . | . . . . . Triggered . | . . . . . Disarmed . | . . . . . Reprogrammed . | . . . . . Reused . | . . . . . Traps Extracted . | . . . . . Installed . | . . . . . Triggered . | . . . . . Machines | -11 -10 -10 -9 -9 ---------- Run | Scr Mat Min Mat Min Machines Disabled . | . . . . . Max in Single Turn . | . . . . . Machines Sabotaged . | . . . . . Garrisons Compromised . | . . . . . Overloaded Fab Kills . | . . . . . Fab Network Shutdowns . | . . . . . Hacking | -11 -10 -10 -9 -9 --------- Run | Scr Mat Min Mat Min Machines Accessed . | . . . . . Terminals . | . . . . . Fabricators . | . . . . . Repair Stations . | . . . . . Recycling Units . | . . . . . Scanalyzers . | . . . . . Garrison Access . | . . . . . Total Hacks . | . . . . . Successful . | . . . . . Failed . | . . . . . Catastrophic . | . . . . . Database Lockouts . | . . . . . Manual . | . . . . . Terminals . | . . . . . Fabricators . | . . . . . Repair Stations . | . . . . . Recycling Units . | . . . . . Scanalyzers . | . . . . . Garrison Access . | . . . . . Terminal Hacks . | . . . . . Fabricator Hacks . | . . . . . Repair Station Hacks . | . . . . . Recycling Unit Hacks . | . . . . . Scanalyzer . | . . . . . Garrison Access Hacks . | . . . . . Unauthorized Hacks . | . . . . . Terminals . | . . . . . Fabricators . | . . . . . Repair Stations . | . . . . . Recycling Units . | . . . . . Scanalyzers . | . . . . . Garrison Access . | . . . . . Data Cores Recovered . | . . . . . Used . | . . . . . Hacking Detections . | . . . . . Full Trace Events . | . . . . . Feedback Events . | . . . . . Feedback Blocked . | . . . . . Robot Schematics Acquired . | . . . . . Robots Built . | . . . . . Matter . | . . . . . Time . | . . . . . Total Robot Build Rating . | . . . . . Part Schematics Acquired . | . . . . . Parts Built . | . . . . . Matter . | . . . . . Time . | . . . . . Total Part Build Rating . | . . . . . Parts Repaired . | . . . . . Time . | . . . . . Parts Recycled . | . . . . . Recycled Matter . | . . . . . Retrieved Matter . | . . . . . Retrieved Components . | . . . . . Parts Scanalyzed . | . . . . . Part Schematics Acquired . | . . . . . Parts Damaged . | . . . . . Bothacking | -11 -10 -10 -9 -9 ------------ Run | Scr Mat Min Mat Min Used RIF Installer . | . . . . . Robots Hacked . | . . . . . Non-combat . | . . . . . Combat . | . . . . . Robot Hacks Applied . | . . . . . Relay Couplers Released . | . . . . . Robots Rewired . | . . . . . Allies Hacked . | . . . . . Hacks Repelled . | . . . . . Allies | -11 -10 -10 -9 -9 -------- Run | Scr Mat Min Mat Min Total Allies . | . . . . . Largest Group . | . . . . . Highest-Rated Group . | . . . . . Highest-Rated Ally . | . . . . . Total Orders . | . . . . . Ally Attacks . | . . . . . Total Damage . | . . . . . Kills . | . . . . . Allies Corrupted . | . . . . . Allies Melted . | . . . . . Intel | -11 -10 -10 -9 -9 ------- Run | Scr Mat Min Mat Min Robot Analysis Total . | . . . . . Derelict Logs Recovered . | . . . . . Drone Launches . | . . . . . Drone Recoveries . | . . . . . Exploration | -11 -10 -10 -9 -9 ------------- Run | Scr Mat Min Mat Min Turns Passed 604 | 69 173 191 103 68 Spaces Moved 529 | 57 103 190 111 68 Core 93 | 6 . . 19 68 Treads . | . . . . . Legs . | . . . . . Wheels 436 | 51 103 190 92 . Hover . | . . . . . Flight . | . . . . . Fastest Speed 50 | 50 100 90 80 100 Average Speed 96 | 94 100 98 89 100 Slowest Speed 100 | 100 100 100 100 100 Overloaded Moves . | . . . . . Propulsion Burnouts . | . . . . . Robots Hopped . | . . . . . Cave-ins Triggered . | . . . . . Exploration Rate (%) 21 | 4 23 37 17 24 Regions Visited 4 Branch Regions 2 Pre-discovered Areas . | . . . . . Known Exits Taken . | . . . . . Unknown Exits Taken 4 | 1 1 1 1 . Scrap Searched 1 | . . 1 . . Spaces Dug . | . . . . . Terrain Destroyed . | . . . . . Melee . | . . . . . Projectile . | . . . . . AOE . | . . . . . Terrain Rammed . | . . . . . Walls Destroyed . | . . . . . Machines Disabled . | . . . . . Actions | -11 -10 -10 -9 -9 --------- Run | Scr Mat Min Mat Min Total 574 | 72 130 192 112 68 Wait . | . . . . . Move 525 | 56 102 189 110 68 Hop . | . . . . . Pick Up 13 | 10 . 2 1 . Fast Attach . | . . . . . Attach 9 | 6 2 1 . . Detach . | . . . . . Swap . | . . . . . Drop . | . . . . . Fire 27 | . 26 . 1 . Melee . | . . . . . Ram . | . . . . . Kick . | . . . . . Crush . | . . . . . Escape Stasis . | . . . . . Rewire . | . . . . . Trap . | . . . . . Miscellaneous . | . . . . . Route ------- -11/Scrapyard -10/Materials -10/Mines -9/Materials -9/Mines History --------- Turn | Location | Event 42 | -11/Scrapyard | Discovered new exit (range 14) 70 | -11/Scrapyard | Entered Materials 236 | -10/Materials | Discovered new exit (range 7) 243 | -10/Materials | Entered Mines 305 | -10/Mines | Build established: Mutant 428 | -10/Mines | Discovered new exit (range 5) 434 | -10/Mines | Entered Materials 434 | -9/Materials | Evolved 2 slots: Utility x2 522 | -9/Materials | Discovered new exit (range 15) 535 | -9/Materials | Core integrity fell below 50% 537 | -9/Materials | Entered Mines 549 | -9/Mines | Lost 4 parts (2n2w) 589 | -9/Mines | Core integrity fell below 20% 605 | -9/Mines | Destroyed by G-34 Mercenary with Small Laser Last Messages --------------- K-01 Serf collects debris. EXIT=FOUND PARAMETERS=UTILITY_2 LOCATION=UNKNOWN GOAL=ESCAPE Acquired Grenade Launcher. C-30 ARC bursts open, deploying its payload. S-10 Pest unfolds itself. Com. Wheel destroyed. W-16 Scout sends out distress signal. O-16 Technician: "IFF HANDSHAKE FAILED. SECURING TERMINAL." ALERT: Hostiles spotted, dispatching reinforcements to Terminal M003. ALERT: Hostiles spotted, dispatching reinforcements to Terminal M002. Assault Rifle destroyed. Wheel destroyed. K-01 Serf collects debris. EXIT=FOUND LOCATION=UNKNOWN GOAL=ESCAPE Something is scanning the area. Map ----- +----------------------------------------------------+ | ??????????????????????????????? | | ??????????????????????????????? | | ??????????????????????????????? | | ??????????????????????????????? | | ??????????????????????????????? | | ??????????????????????????????? | | ??????????????????????????????? | | ??????????????????????????????? | | ??????????????????????????????? | | ??????????????????????????????? | | ??????????????????????????????? | | ??????????????????????????????? | | ??????????????????????????????? | | ??????????????????????????????? | | ??????????????????????????????? | | ??????????????????????????????? | | ??????????????????????????????# | | ?????????????####????????????? | | ????????????## ##????????????? | | ?????????#### ##???????????? | | ????????## ####????????? | | ???????## g ##???????? | | ???##### ### ##??????? | | ??## ##?### ##?????? | | ??# ##????## ### #? | | ?# @ ##??????## #? | | ?# ###????????## ######? | | ?## ##???????????# ##?????? | | ??### ?????????????# ######### | | ????# ?????????????# | | ????# ?????????????# | | ????# ?????????????########## | | ????# ??????????????????????## | | ????#????????????????????????## | | ??????????????????????????????? | | ??????????????????????????????? | | ??????????????????????????????? | | ??????????????????????????????? | | ??????????????????????????????? | | ??????????????????????????????? | | ??????????????????????????????? | | ?????????????????????????????? | | ??????????????????????????????# | | ??????????????????????????????# | | ??????????????????????????????? | | ??????????????????????????????? | | ??????????????????????????????? | | ??????????????????????????????? | | ??????????????????????????????? | | ??????????????????????????????? | +----------------------------------------------------+ Best States ------------- Heat Dissipation 28 Energy Generation 10 Energy Capacity 125 Matter Stores 300 Matter Capacity 300 Sight Range 16 Terrain Scan Density 10 Evasion (%) 44 Item Schematics ----------------- None Robot Schematics ------------------ None Fabricated ------------ Nothing Alien Tech Used ----------------- None Achievements -------------- None Challenges ------------ None Game ------ Seed IonNeutrinoRigger Manual? 0 Play Time 00:04:14 Cumulative 17.9 hours Start 2021.08.16 @ 14:04:03 End 2021.08.16 @ 14:08:00 Sessions 1 Manual Loads 0 Difficulty Rogue Special Mode None Game No. 43 Rogue 23 Adventurer 20 Explorer 0 Win Type - Total 1 Types 1/0/0/0/0/0/0/0/0 Lore% 18 Gallery% 40 Achievement% 27 Wizard Run 0 Options --------- ASCII 0 Keyboard 0 Movement Arrows Keybinds 0 Fullscreen 1 Font 18/SmallcapsGlow Map View 76x50 Tactical HUD 0 Map Filters NONE Filters NONE Steam 1 RUN: 5402985e-f35d-4066-a715-cee613567d18